AoeStats
← Jermazor

Arabia

508473798Analyzed
2v2 RM · 10d ago on Sep 22, 2026· 18m 24s· 4 players
Game mode
Random Map
Map size
Medium (4 player)
Population
200
Speed
Normal
Resources
Standard
Victory
Conquest
Starting age
Dark Age
Ending age
Imperial Age
RankedLock teamsTeams togetherTeam positionsShared explorationLock speedFull tech treeHidden civsTurbo modeCheats
Victory
Defeat
🇫🇷 Mongols · France
711
+16
🇫🇷 Franks · France
693
+17
🇫🇮 Britons · Finland
739
-18
🇫🇮 Italians · Finland
677
-15
girault.n
9:51 Feudal Age
10:09 Loom
10:28 Double-Bit Axe
11:22 Wheelbarrow
11:08 Stone Mining
11:20 Town Watch
14:55 Man-at-Arms
Sakuno
6:01 Loom
8:42 Feudal Age
13:41 Forging
16:35 Scale Barding Armor
Jermazor
10:48 Feudal Age
11:36 Horse Collar
11:47 Double-Bit Axe
jesper.eronen
0:37 Loom
11:31 Feudal Age
12:17 Double-Bit Axe
Connection lost

Rejoining the realm…

Still unreachable

The connection could not be restored.

Session expired

The server has moved on; the page needs a fresh start.